 Dungeon Crawl Stone Soup version 0.20.1-1-g8b1a95d (webtiles) character file.

67 HuneSparrow the Skirmisher (level 4, 26/35 HPs)
             Began as a Demonspawn Fighter on Oct 8, 2017.
             Quit the game on level 3 of the Dungeon.
             The game lasted 00:03:03 (1389 turns).

HuneSparrow the Skirmisher (Demonspawn Fighter)     Turns: 1389, Time: 00:03:04

Health: 26/35      AC: 11    Str: 17    XL:     4   Next: 0%
Magic:  4/4        EV:  7    Int: 10    God:
Gold:   84         SH:  9    Dex: 12    Spells: 3/3 levels left

rFire    . . .     SeeInvis .   a - +0 long sword
rCold    . . .     Gourm    .   c - +0 shield
rNeg     . . .     Faith    .   b - +0 scale mail
rPois    .         Spirit   .   r - +1 helmet
rElec    .         Reflect  .   (no cloak)
rCorr    .         Harm     .   (no gloves)
MR       .....                  (no boots)
Stlth    +.........             (no amulet)
Regen    0.2/turn               (no ring)
MPRegen  0.1/turn               (no ring)

@: no status effects
A: iridescent scales 1, nightstalker 1, rot immunity
a: no special abilities


You were on level 3 of the Dungeon.
You were not hungry.

You visited 1 branch of the dungeon, and saw 3 of its levels.

You collected 84 gold pieces.

Inventory:

Hand Weapons
 a - a +0 long sword (weapon)
Armour
 b - a +0 scale mail (worn)
 c - a +0 shield (worn)
 r - a +1 helmet (worn)
Jewellery
 q - a cursed ring of magical power {unknown}
Scrolls
 e - 2 scrolls of teleportation {unknown}
 g - 4 scrolls of fog {unknown}
 m - 2 scrolls of identify {unknown}
 o - a scroll of magic mapping {unknown}
Potions
 d - a potion of might
 h - a potion of flight {unknown}
 j - a potion of agility {unknown}
 n - a potion of cancellation {unknown}
 p - a potion of heal wounds {unknown}
 s - 2 potions of ambrosia {unknown}
Comestibles
 f - 3 bread rations
 i - a fruit
 k - 10 chunks of flesh
 l - a meat ration


   Skills:
 + Level 3.3 Fighting
 * Level 2.7 Long Blades
 + Level 3.3 Armour
 + Level 3.0 Shields


You had 3 spell levels left.
You didn't know any spells.

Dungeon Overview and Level Annotations

Branches:
Dungeon (3/15)

Altars:


Innate Abilities, Weirdness & Mutations

You are partially covered in iridescent scales. (AC +2)
You are slightly more attuned to the shadows.
You are immune to rotting.


Message History

HP restored.
A worm comes into view.
You hit the worm.
The worm is lightly wounded.
You block the worm's attack.
You hit the worm.
The worm is moderately wounded.
The worm bites you!
You slash the worm!
The worm is heavily wounded.
The worm closely misses you.
You hit the worm.
The worm is almost dead.
You block the worm's attack.
You slash the worm!
You kill the worm!
You have reached level 4!
You feel clever.
Your demonic ancestry asserts itself...
Iridescent scales grow over part of your body.
Are you sure you want to abandon this character and quit the game? (Confirm with "yes".)

#.# #.# #.##.#
#.##.# #.#..# #.#.##
#.#.# #†#.# #@#.#
################.#.#
.................#.#
##################.#
..#.# #.#)# #.#.#
#.#)# #.#.#


There were no monsters in sight!

Vanquished Creatures
  An adder (D:2)
  An ooze (D:2)
  A worm (D:3)
  A dart slug (D:3)
  3 leopard geckos
  An orc (D:3)
  A ball python (D:1)
  2 giant cockroaches
  4 goblins
  6 hobgoblins
  2 kobolds (D:1)
  A quokka (D:2)
  9 bats
  3 frilled lizards
  8 rats
44 creatures vanquished.

Notes
Turn   | Place    | Note
-------+----------+-------------------------------------------
     0 | D:1      | HuneSparrow the Demonspawn Fighter began the quest for the Orb.
     0 | D:1      | Reached XP level 1. HP: 18/18 MP: 1/1
   135 | D:1      | Gained mutation: You are immune to rotting. [demonic ancestry]
   135 | D:1      | Reached XP level 2. HP: 19/24 MP: 2/2
   690 | D:2      | Gained mutation: You are slightly more attuned to the shadows. [demonic ancestry]
   690 | D:2      | Reached XP level 3. HP: 29/29 MP: 3/3
  1388 | D:3      | Gained mutation: You are partially covered in iridescent scales. (AC +2) [demonic ancestry]
  1388 | D:3      | Reached XP level 4. HP: 26/35 MP: 4/4
  1389 | D:3      | Quit the game

Skill      XL: |  1  2  3 |
---------------+----------+-----
Armour         | 3 |  3.3
Long Blades    | 2 |  2.7
Shields        | 3 |  3.0
Fighting       | |  3.3

Action                   |  1- 3 |  4- 6 || total
-------------------------+-------+-------++-------
Melee: Long sword        |   131 |       ||   131
  Eat: Chunk             |     2 |       ||     2
Armor: Scale mail        |    79 |       ||    79
Dodge: Dodged            |    55 |       ||    55
Block: Shield            |    84 |       ||    84
       Rpst.: Long sword |    20 |       ||    20
